 Dungeon Crawl Stone Soup version 0.26.0-7-g794d0892b4 (webtiles) character file.

Game seed: 3674190222013085422

69514 Froggeryz the Bludgeoner (level 15, -3/93 HPs)
             Began as a Gargoyle Gladiator on Jan 11, 2021.
             Was the Champion of Okawaru.
             Slain by an orc warrior
             ... wielding a +0 trident
              (11 damage)
             ... while paralysed by an orc sorcerer
             ... on level 2 of the Orcish Mines.
             The game lasted 00:35:18 (26211 turns).

Froggeryz the Bludgeoner (Gargoyle Gladiator)      Turns: 26211, Time: 00:35:19

Health: -3/93      AC: 36    Str: 27    XL:     15   Next: 30%
Magic:  20/20      EV:  2    Int: 12    God:    Okawaru [******]
Gold:   2630       SH:  0    Dex: 11    Spells: 14/14 levels left

rFire    + . .     SeeInvis .   L - +2 eveningstar (drain)
rCold    . . .     Faith    +   i - +0 buckler
rNeg     + . .     Spirit   .   J - +3 plate armour
rPois    ∞         Reflect  .   c - +0 helmet
rElec    +         Harm     .   H - +2 cloak {rF+}
rCorr    +         Rampage  .   (no gloves)
Will     +....                  d - +1 pair of boots {run}
Stlth    ..........             G - amulet of faith
HPRegen  0.25/turn              r - +6 ring of strength
MPRegen  0.17/turn              o - ring of resist corrosion

@: paralysed, flying, quick
A: big wings, negative energy resistance 1, electricity resistance, unbreathing,
petrification resistance, miasma immunity, AC +11
a: Stop Flying, Renounce Religion, Heroism, Finesse


You were on level 2 of the Orcish Mines.
You worshipped Okawaru.
Okawaru was exalted by your worship.
You visited 4 branches of the dungeon, and saw 19 of its levels.
You also visited: Ossuary and Volcano.

You collected 2630 gold pieces.

Inventory:

Hand Weapons
 L - a +2 eveningstar of draining (weapon)
Missiles
 b - 20 curare-tipped darts
 f - 88 poisoned darts (quivered)
 q - 5 javelins
 A - 4 throwing nets
Armour
 c - a +0 helmet (worn)
 d - a +1 pair of boots of running (worn)
 i - a +0 buckler (worn)
 H - a +2 cloak of fire resistance (worn)
 J - a +3 plate armour (worn)
Jewellery
 h - an uncursed ring of see invisible
 j - an uncursed ring of fire
 o - a ring of resist corrosion (right hand)
 r - a +6 ring of strength (left hand)
 y - a cursed amulet of reflection
 G - an amulet of faith (around neck)
Wands
 a - a wand of acid (8)
 u - a wand of iceblast (11)
 C - a wand of disintegration (34)
 F - a wand of paralysis (20)
 M - a wand of random effects (12)
Scrolls
 e - 12 scrolls of remove curse
 k - 12 scrolls of teleportation
 l - 5 scrolls of magic mapping
 s - 4 scrolls of fear
 w - 4 scrolls of amnesia
 z - 2 scrolls of blinking
 O - a scroll of immolation
 P - a scroll of identify
Potions
 g - 3 potions of cancellation
 m - 4 potions of haste
 n - 3 potions of might
 p - 4 potions of mutation
 t - 3 potions of invisibility
 v - 5 potions of lignification
 x - 8 potions of curing
 B - 3 potions of heal wounds
 D - 4 potions of ambrosia
 E - 4 potions of attraction
 I - 2 potions of berserk rage
 K - 3 potions of resistance
 N - a potion of flight {unknown}


   Skills:
 - Level 10.5 Fighting
 - Level 16.0 Maces & Flails
 - Level 1.7 Throwing
 + Level 10.7 Armour
 - Level 2.4 Dodging
 * Level 15.7 Shields
 - Level 7.0 Invocations


You had 14 spell levels left.
You didn't know any spells.
Your spell library contained the following spells:

 Spells                   Type           Power        Failure   Level
 Foxfire                  Conj/Fire      0%           95%         1
 Shock                    Conj/Air       0%           95%         1
 Poisonous Vapours        Pois/Air       0%           99%         2
 Swiftness                Air            0%           99%         2
 Conjure Flame            Conj/Fire      0%           100%        3
 Inner Flame              Hex/Fire       0%           100%        3
 Mephitic Cloud           Conj/Pois/Air  0%           100%        3
 Static Discharge         Conj/Air       0%           100%        3
 Airstrike                Air            0%           100%        4
 Sticky Flame             Conj/Fire      0%           100%        4
 Fireball                 Conj/Fire      0%           100%        5
 Lightning Bolt           Conj/Air       0%           100%        5
 Freezing Cloud           Conj/Ice/Air   0%           100%        6


Dungeon Overview and Level Annotations

Branches:
Dungeon (10/15)            Temple (1/1) D:4            Lair (6/6) D:8
  Swamp (0/4) Lair:2       Spider (0/4) Lair:2        Slime (0/5) Lair:6
    Orc (2/2) D:10            Elf (0/3) Orc:2       Ossuary (visited)
Volcano (visited)

Altars:
Ashenzari
Gozag
Hepliaklqana
Kikubaaqudgha
Makhleb
Nemelex Xobeh
Okawaru
Trog
Vehumet
Yredelemnul
Jiyva

Shops:
D:5 [

Annotations:
D:5 2 runed translucent doors, iamserjio's ghost, weakling TrFi
Lair:2 exclusion: 3 oklob plants
Lair:6 1 runed translucent door
Orc:2 1 transporter, Voleoc's ghost, journeyman GrFi


Innate Abilities, Weirdness & Mutations

You are resistant to torment.
Your stone body is resilient. (AC +11)
You are immune to poison.
Your large and strong wings let you fly indefinitely.
You resist negative energy. (rN+)
You are resistant to electric shocks. (rElec)
You can survive without breathing.
You are immune to petrification.
You are immune to miasma.


Message History

Beogh smites you! The smoke demon gestures at you. Beogh smites you!
* * * LOW HITPOINT WARNING * * *
The orc hits you but does no damage.
The orc warrior hits you but does no damage.
The ynoxinul gestures.
The orc high priest starts to sing a prayer.
The orc high priest hits you but does no damage.
The orc priest hits you but does no damage.
The soul eater hits you but does no damage.
The orc warrior hits you but does no damage.
The orc sorcerer hits you but does no damage.
The orc priest casts a cantrip, but nothing happens.
The smoke demon gestures at you. Beogh smites you!
* * * LOW HITPOINT WARNING * * *
The ynoxinul gestures.
The orc warrior hits you from afar with a +0 trident!
You die...

#.............)<.[...............
#........#...^...................
#..............[..........#....>.
#.....................##......#..
..#..............................
.##.........................#....
.##...........#....##.._...##....
.###.....###...[3o##.............
..#............3@oooo..........##
...............#ooo5o...#...#####
.........<.#...#o3o{...##...#
#....#....#...###o5{o...##.##
##........##.#####o5.#.#####
.###.......### #.....###
##.....## #....[....# #######
###o....### ...o....


You could see a soul eater (summoned), an orc high priest, a smoke demon
(summoned), a ynoxinul (summoned), 2 orc sorcerers, 2 orc warriors, 4 orc
priests, 3 orc wizards, 2 orcs and 3 ufetubi.

Vanquished Creatures
  An orc warlord (Orc:1)
  Snorg (Lair:5)
  A fire dragon (Lair:6)
  A boulder beetle (Lair:3)
  8 hydras
  2 two-headed ogres
  3 death yaks (Lair:6)
  A hell hog (Volcano)
  An orc high priest (Orc:1)
  The ghost of Ratatosk the Spear-Bearer, a novice TeAK of Lugonu (D:9)
  A sixfirhy (D:9)
  4 lindwurms
  An orange crystal statue (D:9)
  3 orc knights (Orc:1)
  3 orc sorcerers
  21 elephants
  6 black mambas
  5 torpor snails (Lair:6)
  18 cane toads
  7 komodo dragons
  8 rime drakes
  A troll (Orc:1)
  3 polar bears
  8 hornets (Lair:6)
  3 tyrant leeches (Lair:6)
  A queen bee (Lair:2)
  9 blink frogs
  7 dream sheep (Lair:5)
  A redback (Lair:2)
  6 wyverns
  7 basilisks
  51 yaks
  4 fire bats (Volcano)
  A steam dragon (Volcano)
  4 wargs
  19 water moccasins
  2 hell hounds (Volcano)
  2 ice beasts
  26 orc warriors
  2 phantoms (D:5)
  An eye of draining (D:8)
  A sky beast (D:10)
  A necrophage (D:10)
  10 ogres
  27 wolves
  3 centaurs
  3 big kobolds
  Blork the orc (D:4)
  13 bullfrogs
  2 gnoll sergeants
  2 wyvern zombies
  A wyvern skeleton (D:8)
  2 scorpions
  37 killer bees
  An electric eel (Lair:2)
  10 wights
  A howler monkey (D:6)
  A jelly (D:7)
  3 quasits
  A bullfrog zombie (D:10)
  2 centaur zombies (D:8)
  3 hounds (D:4)
  18 orc priests
  19 orc wizards
  A centaur skeleton (D:7)
  2 gnoll shamans
  4 iguanas
  Jessica (D:3)
  6 hell rats (Lair:3)
  7 worker ants
  8 mummies (Ossuary)
  A worker ant zombie (D:7)
  Robin (D:3)
  33 gnolls
  8 adders
  3 river rats (Lair:2)
  3 shadow imps
  3 white imps
  2 ufetubi
  An ooze (D:3)
  An adder zombie (D:7)
  2 adder skeletons
  A worm (D:4)
  4 dart slugs
  8 leopard geckos
  77 orcs
  A ball python (D:8)
  6 giant cockroaches
  4 gnoll zombies
  12 goblins
  16 hobgoblins
  12 jackals
  5 quokkas
  A ball python skeleton (D:5)
  A ball python zombie (D:6)
  6 bats
  7 frilled lizards
  2 hobgoblin zombies (Ossuary)
  20 kobolds
  2 kobold zombies (Ossuary)
  A leopard gecko zombie (D:5)
  2 orc zombies (Ossuary)
  6 rats
  A butterfly (Lair:6)
699 creatures vanquished.

Vanquished Creatures (others)
  A bush (Lair:1)
  67 fungi
  104 plants
172 creatures vanquished.

Grand Total: 871 creatures vanquished

Notes
Turn   | Place    | Note
-------+----------+-------------------------------------------
     0 | D:1      | Froggeryz the Gargoyle Gladiator began the quest for the
                  | Orb.
     0 | D:1      | Reached XP level 1. HP: 12/12 MP: 1/1
    64 | D:1      | Reached XP level 2. HP: 8/17 MP: 2/2
    68 | D:1      | Reached skill level 1 in Armour
   728 | D:1      | Reached XP level 3. HP: 21/21 MP: 3/3
  1510 | D:2      | Found a sparkling altar of Nemelex Xobeh.
  1522 | D:2      | Reached skill level 4 in Maces & Flails
  1810 | D:2      | Found an iron altar of Okawaru.
  1810 | D:2      | Found an opulent altar of Gozag.
  1819 | D:2      | Became a worshipper of Warmaster Okawaru
  1887 | D:2      | Found a faded altar of an unknown god.
  1985 | D:2      | Reached XP level 4. HP: 19/26 MP: 4/4
  2360 | D:3      | HP: 1/26 [orc/+0 mace (1)]
  2659 | D:4      | Reached XP level 5. HP: 25/30 MP: 5/5
  2742 | D:3      | Noticed Jessica
  2753 | D:3      | Killed Jessica
  2754 | D:3      | Reached skill level 5 in Maces & Flails
  3153 | D:3      | Noticed Robin
  3218 | D:3      | Killed Robin
  3219 | D:3      | Reached XP level 6. HP: 24/35 MP: 6/6
  3756 | D:4      | Reached skill level 6 in Maces & Flails
  3827 | D:4      | Found a staircase to the Ecumenical Temple.
  3847 | Temple   | Entered the Ecumenical Temple
  4090 | D:4      | Reached * piety under Okawaru
  4172 | D:4      | You fall into a shaft and drop 2 floors!
  4192 | D:5      | Entered Level 5 of the Dungeon
  4351 | D:4      | Reached XP level 7. HP: 36/40 MP: 7/7
  4447 | D:4      | Noticed Blork the orc
  4453 | D:4      | Killed Blork the orc
  4657 | D:4      | Found a burning altar of Makhleb.
  4704 | D:4      | Reached skill level 7 in Maces & Flails
  5000 | D:5      | Found a runed translucent door.
  5049 | D:5      | Reached ** piety under Okawaru
  5050 | D:5      | Reached XP level 8. HP: 44/47 MP: 8/8
  5220 | D:5      | Noticed iamserjio's ghost (weakling TrFi)
  5234 | D:5      | Found a runed translucent door.
  5340 | D:5      | Found Ruanauf's Armour Boutique.
  5532 | D:5      | Reached skill level 8 in Maces & Flails
  6828 | D:6      | Reached skill level 5 in Fighting
  6828 | D:6      | Reached skill level 9 in Maces & Flails
  6872 | D:6      | Reached *** piety under Okawaru
  7236 | D:6      | Reached XP level 9. HP: 54/54 MP: 9/9
  7740 | D:7      | Found an ancient bone altar of Kikubaaqudgha.
  7918 | D:7      | Found a sand-covered staircase.
  7924 | Ossuary  | Entered an ossuary
  7991 | Ossuary  | Reached skill level 10 in Maces & Flails
  9104 | D:8      | Found a hazy altar of Hepliaklqana.
  9525 | D:8      | Reached skill level 11 in Maces & Flails
  9525 | D:8      | Reached skill level 1 in Shields
  9604 | D:8      | Reached **** piety under Okawaru
  9682 | D:8      | Noticed a two-headed ogre
  9720 | D:8      | Killed a two-headed ogre
  9721 | D:8      | Reached XP level 10. HP: 54/63 MP: 10/10
  9826 | D:8      | Found a broken altar of Ashenzari.
  9920 | D:8      | Found a basalt altar of Yredelemnul.
 10031 | D:8      | Found a staircase to the Lair.
 10261 | D:8      | Reached skill level 12 in Maces & Flails
 10504 | Lair:1   | Entered Level 1 of the Lair of Beasts
 10743 | Lair:1   | Noticed a seven-headed hydra
 10743 | Lair:1   | Noticed a black mamba
 10755 | Lair:1   | Killed a seven-headed hydra
 10755 | Lair:1   | Reached ***** piety under Okawaru
 10756 | Lair:1   | Reached skill level 5 in Shields
 10818 | Lair:1   | Killed a black mamba
 10993 | Lair:1   | Reached skill level 13 in Maces & Flails
 11020 | Lair:1   | Reached XP level 11. HP: 62/67 MP: 11/11
 11366 | Lair:1   | Reached skill level 5 in Armour
 11410 | Lair:1   | Reached ****** piety under Okawaru
 11980 | Lair:1   | Noticed a five-headed hydra
 12187 | Lair:1   | Killed a five-headed hydra
 12187 | Lair:1   | Received a gift from Okawaru
 12188 | Lair:1   | Reached skill level 14 in Maces & Flails
 12201 | Lair:1   | Identified a +1 pair of boots of running (Okawaru gifted it
                  | to you on level 1 of the Lair of Beasts)
 12538 | Lair:2   | Found a hole to the Spider Nest.
 13160 | Lair:2   | Reached XP level 12. HP: 75/75 MP: 12/12
 13677 | Lair:2   | Reached skill level 15 in Maces & Flails
 14077 | Lair:2   | Received a gift from Okawaru
 14276 | Lair:2   | Reached skill level 10 in Fighting
 14461 | Lair:2   | Found a staircase to the Swamp.
 15002 | Lair:3   | Noticed a six-headed hydra
 15019 | Lair:3   | Killed a six-headed hydra
 15335 | Lair:3   | Found a dark tunnel.
 15380 | Volcano  | Entered a volcano
 15406 | Volcano  | Reached skill level 16 in Maces & Flails
 15449 | Volcano  | Noticed a hell hog
 15460 | Volcano  | Reached skill level 1 in Invocations
 15469 | Volcano  | Killed a hell hog
 15700 | Lair:3   | You fall into a shaft and drop 3 floors!
 15700 | Lair:6   | Entered Level 6 of the Lair of Beasts
 15711 | Lair:6   | Reached XP level 13. HP: 83/83 MP: 14/14
 15869 | Lair:6   | Received a gift from Okawaru
 16132 | Lair:6   | Noticed Snorg
 16753 | Lair:4   | Reached skill level 5 in Invocations
 16763 | Lair:4   | Received a gift from Okawaru
 16913 | Lair:4   | Reached skill level 10 in Shields
 17309 | Lair:2   | Received a gift from Okawaru
 19259 | Lair:5   | Gained mutation: Your large and strong wings let you fly
                  | indefinitely. [Gargoyle growth]
 19259 | Lair:5   | Reached XP level 14. HP: 88/88 MP: 19/19
 19615 | Lair:5   | Killed Snorg
 19615 | Lair:5   | Received a gift from Okawaru
 20139 | Lair:6   | Received a gift from Okawaru
 21096 | Lair:5   | Received a gift from Okawaru
 21408 | Lair:6   | Found a runed translucent door.
 21408 | Lair:6   | Found a viscous altar of Jiyva.
 21408 | Lair:6   | Noticed an azure jelly
 21409 | Lair:6   | Noticed an azure jelly
 21410 | Lair:6   | Noticed an azure jelly
 21415 | Lair:6   | Found a staircase to the Slime Pits.
 21631 | Lair:6   | Found a runed translucent door.
 21883 | Lair:6   | Received a gift from Okawaru
 22701 | D:9      | Noticed Ratatosk's ghost (novice TeAK)
 22703 | D:9      | Found a transporter.
 22703 | D:9      | Identified the +2 great mace "Voag Qokk" {freeze, +Fly
                  | rElec rF- rN+}
 22706 | D:9      | Found a transporter.
 22730 | D:9      | Killed Ratatosk's ghost
 23146 | D:9      | Found a runed translucent door.
 23629 | D:10     | Entered Level 10 of the Dungeon
 23635 | D:10     | Reached skill level 10 in Armour
 23635 | D:10     | Reached XP level 15. HP: 93/93 MP: 20/20
 23832 | D:10     | Found a staircase to the Orcish Mines.
 24238 | D:10     | Reached skill level 15 in Shields
 24382 | Orc:1    | Entered Level 1 of the Orcish Mines
 24615 | Orc:2    | Entered Level 2 of the Orcish Mines
 24641 | Orc:2    | Received a gift from Okawaru
 24655 | Orc:2    | Found a bloodstained altar of Trog.
 24749 | Orc:2    | Found a transporter.
 24754 | Orc:2    | Identified the cursed +0 broad axe of the Cup {antimagic,
                  | *Drain MP+9 Dex+8}
 24754 | Orc:2    | Noticed Voleoc's ghost (journeyman GrFi)
 24780 | Orc:2    | Found a staircase to the Elven Halls.
 25142 | Orc:2    | Noticed an orc warlord
 25377 | Orc:1    | Killed an orc warlord
 25529 | Orc:2    | Paralysed by an orc sorcerer for 3 turns
 25536 | Orc:1    | Paralysed by an orc sorcerer for 4 turns
 26205 | Orc:2    | Paralysed by an orc sorcerer for 7 turns
 26211 | Orc:2    | Slain by an orc warrior

Illustrated notes

Levels and vault maps discovered:
D:1:      erik_arrival_orb_chamber, layout_rooms
D:2:      layout_basic, okawaru_gym_becter, general_overflow_altar,
          nicolae_gozag_cash_rules_everything_around_me,
          chequers_ecumenical_altar_simple
D:3:      layout_basic, uniq_robin, uniq_jessica
D:4:      minmay_opposing_rooms, layout_basic, overflow_temple_1_default,
          minmay_temple_entry_slanted, minmay_starry_boxes, uniq_blork_the_orc
D:5:      layout_cave_pools, serial_shops, nicolae_shop_behind_doors,
          serial_bayou, serial_bayou_pond_d, serial_bayou_lake_a,
          serial_bayou_pond_a, serial_bayou_shore_a, ebering_ghost_sewer_f
D:6:      layout_basic
D:7:      layout_loops_ring, marbit_many_paths, enter_ossuary_1
D:8:      layout_rooms, overflow_temple_1_default,
          lemuel_zombie_altar_yredelemnul, erik_lair_orcish_takeover,
          basic_altar
D:9:      cheibrodos_shockbox, layout_loops_ring, gammafunk_ghost_smash,
          minivault_16
D:10:     layout_rooms, erik_orc_3, special_room [special_room_orc]
Temple:   regret_index_temple_waves
Lair:1:   layout_loops_ring, grunt_megastairs_1
Lair:2:   hangedman_what_comes_after_a, layout_regular_city, swamp_mist_pool,
          spider_nest_entry_webs, nicolae_quartered_pool_super,
          lemuel_fruit_tree, lemuel_fruit_fields
Lair:3:   layout_cellular_growth, nicolae_volcano_entry_vermiform,
          grunt_megastairs_3
Lair:4:   layout_layer_cave, cheibrodos_lair_caveside_slide, minmay_holes
Lair:5:   layout_layer_cave, infiniplex_staircase_pool
Lair:6:   wormcave, layout_regular_city, slime_altar_2, minmay_lair_drake_nest,
          lemuel_fruit_fields, uniq_snorg
Orc:1:    layout_diamond_mine
Orc:2:    st_orc_congregation, layout_caves, gammafunk_ghost_wrathful_warriors,
          bloody_trog

Skill      XL: |  1  2  3  4  5  6  7  8  9 10 11 12 13 14 15 |
---------------+----------------------------------------------+-----
Armour         | 1 2 3 4 6 7 10 | 10.7
Maces & Flails | 4 5 6 7 9 11 13 14 16 | 16.0
Fighting       | 3 5 7 8 10 | 10.5
Shields        | 3 6 7 11 14 15 | 15.7
Invocations    | 2 7 |  7.0
Throwing       | |  1.7
Dodging        | |  2.4

Action                   |  1- 3 |  4- 6 |  7- 9 | 10-12 | 13-15 || total
-------------------------+-------+-------+-------+-------+-------++-------
Melee: Flail             |   126 |   280 |   354 |   597 |   243 ||  1600
       Mace              |       |       |   164 |   311 |       ||   475
       Eveningstar       |       |       |       |       |   969 ||   969
Throw: Throwing net      |       |       |     5 |       |       ||     5
       Dart              |       |       |     7 |    11 |     1 ||    19
Invok: Heroism           |       |       |       |     4 |     1 ||     5
 Abil: Fly               |       |       |       |       |     1 ||     1
  Use: Potion            |       |     3 |       |     2 |     2 ||     7
       Scroll            |       |       |    14 |     9 |    11 ||    34
 Stab: Held in net/web   |       |       |     3 |       |       ||     3
Armor: Leather armour    |    38 |       |       |       |       ||    38
       Ring mail         |    21 |   145 |       |       |       ||   166
       Scale mail        |       |     7 |   263 |   419 |       ||   689
       Skin              |       |       |       |    29 |       ||    29
       Plate armour      |       |       |       |     5 |   974 ||   979
Dodge: Dodged            |    99 |   176 |   293 |   464 |   437 ||  1469
Block: Buckler           |       |       |       |   180 |   425 ||   605
